AoeStats
← Alerius

Arena

510826905Analyzed
1v1 RM · 10h ago on Oct 2, 2026· 50m 49s· 2 players
Game mode
Random Map
Map size
Tiny (2 player)
Population
200
Speed
Normal
Resources
Standard
Victory
Conquest
Starting age
Dark Age
Ending age
Imperial Age
RankedLock teamsTeams togetherTeam positionsShared explorationLock speedFull tech treeHidden civsTurbo modeCheats
Victory
Defeat
🇺🇸 Turks · United States
916
+30
🇮🇹 Italians · Italy
906
-16
ilLobotomo
12:11 Feudal Age
13:10 Horse Collar
13:17 Double-Bit Axe
16:06 Castle Age
15:02 Wheelbarrow
18:41 Hand Cart
18:39 Heavy Plow
19:00 Bow Saw
22:45 Gold Mining
22:49 Stone Mining
23:03 Loom
23:56 Town Watch
24:48 Town Patrol
27:47 Stone Shaft Mining
27:03 Gold Mining
27:51 Ballistics
30:06 Fletching
33:31 Imperial Age
33:44 Treadmill Crane
34:56 Conscription
34:48 Pirotechnia
36:09 Chemistry
35:21 Masonry
36:14 Two-Man Saw
35:46 Crop Rotation
36:18 Light Cavalry
37:08 Bloodlines
36:59 Husbandry
37:41 Bodkin Arrow
37:48 Padded Archer Armor
38:13 Guilds
38:03 Hussar
38:49 Bracer
39:05 Forging
39:03 Scale Barding Armor
39:00 Scale Mail Armor
39:20 Leather Archer Armor
39:49 Hoardings
42:48 Ring Archer Armor
42:55 Iron Casting
42:40 Chain Barding Armor
42:48 Chain Barding Armor
47:18 Blast Furnace
46:19 Scale Mail Armor
46:56 Plate Barding Armor
47:40 Squires
47:26 Arson
47:10 Pikeman
Alerius
10:34 Feudal Age
15:46 Castle Age
13:51 Double-Bit Axe
15:40 Horse Collar
17:33 Gold Mining
18:27 Loom
19:10 Husbandry
22:12 Forging
22:25 Scale Barding Armor
24:12 Heavy Plow
26:04 Bow Saw
27:39 Wheelbarrow
31:51 Imperial Age
29:19 Stone Mining
29:50 Bloodlines
33:43 Two-Man Saw
33:05 Hand Cart
32:36 Town Watch
33:06 Artillery
33:29 Conscription
34:09 Guilds
34:43 Iron Casting
33:59 Fletching
34:25 Town Patrol
36:48 Blast Furnace
36:59 Sipahi
37:19 Chain Barding Armor
41:17 Plate Barding Armor
40:38 Bodkin Arrow
41:21 Padded Archer Armor
43:43 Bracer
43:59 Leather Archer Armor
46:42 Ring Archer Armor
47:43 Ballistics
47:07 Treadmill Crane
48:28 Bombard Tower
49:05 Scale Mail Armor
48:54 Arrowslits
49:58 Elite Janissary
51:30 Masonry
Connection lost

Rejoining the realm…

Still unreachable

The connection could not be restored.

Session expired

The server has moved on; the page needs a fresh start.